[Event "Titled Tuesday Blitz April 4 Early 2023"]
[White "a-z30"]
[Black "Domingo Nunez, Alejandro"]
[BlackFideId "22245561"]
[WhiteElo "2454"]
[BlackElo "2291"]
[Result "0-1"]
[Round "08"]
[TimeControl "180+2"]
[Date "2023.04.04"]
[WhiteClock "0:00:03"]
[BlackClock "0:00:02"]

1. d3 g6 2. Nf3 Bg7 3. g3 d5 4. Bg2 c5 5. O-O Nc6 6. c4 d4 7. a3 a5 8. e3 Nf6 9. exd4 cxd4 10. Re1 O-O 11. Ne5 Nxe5 12. Rxe5 Nd7 13. Rb5 Qc7 14. Nd2 Ne5 15. Ne4 Bg4 16. Qb3 Rab8 17. Bf4 f6 18. Bxe5 fxe5 19. c5+ Kh8 20. Ng5 Qd7 21. Rxb7 Rxb7 22. Qxb7 Qf5 23. Ne4 Be2 24. c6 Bxd3 25. c7 Bh6 26. Rf1 Be2 27. b4 axb4 28. axb4 d3 29. Qb6 d2 30. Nxd2 Bxd2 31. Qc5 Bxf1 32. Bxf1 e4 33. b5 Qxc5 34. c8=Q Qxf2+ 0-1


[Site "https://www.chess.com"]

[Event "Titled Tuesday Blitz April 4 Early 2023"]
[White "Bodnaruk, Anastasia"]
[Black "Guzman Moneo, Alberto"]
[WhiteFideId "4181751"]
[BlackFideId "2209616"]
[WhiteElo "2310"]
[BlackElo "2157"]
[Result "1-0"]
[Round "08"]
[TimeControl "180+2"]
[Date "2023.04.04"]
[WhiteClock "0:00:07"]
[BlackClock "0:00:01"]

1. e4 c5 2. Nc3 Nc6 3. Bb5 Nd4 4. Bc4 e6 5. Nge2 a6 6. a4 Rb8 7. Nxd4 cxd4 8. Ne2 b5 9. axb5 axb5 10. Bb3 Bc5 11. O-O Nf6 12. d3 O-O 13. c3 dxc3 14. bxc3 d5 15. e5 Nd7 16. d4 Be7 17. Nf4 b4 18. Bd2 bxc3 19. Bxc3 Bb4 20. Rc1 Bxc3 21. Rxc3 Ba6 22. Re1 Rb4 23. Bc2 g6 24. Rg3 Qh4 25. Rg4 Qh6 26. h4 Rc8 27. h5 Nf8 28. Bb1 Rcb8 29. Bc2 Bc4 30. Qf3 Bb3 31. Bd3 Rxd4 32. Nxg6 Rxg4 33. Ne7+ Kh8 34. Qxg4 Nd7 35. Re3 Qf8 36. Rg3 Nxe5 37. Qd4 f6 38. Nc6 Nxc6 39. Qc3 Bc4 40. Bc2 Ne5 41. f4 Nd7 42. h6 Qf7 43. Rg7 Qh5 44. Rxh7+ Kg8 45. Qg3+ 1-0


[Site "https://www.chess.com"]

[Event "Titled Tuesday Blitz April 4 Early 2023"]
[White "Seemann, Jakub"]
[Black "nicolasulaneobelassi"]
[WhiteFideId "21874697"]
[WhiteElo "2364"]
[BlackElo "2321"]
[Result "1-0"]
[Round "08"]
[TimeControl "180+2"]
[Date "2023.04.04"]
[WhiteClock "0:00:52"]
[BlackClock "0:00:19"]

1. g3 e5 2. Bg2 d5 3. c4 dxc4 4. Na3 Bxa3 5. bxa3 Nc6 6. Bb2 Nf6 7. Rc1 Be6 8. Nf3 Qd6 9. O-O O-O 10. Ne1 Rad8 11. d3 cxd3 12. Nxd3 Bd5 13. Qa4 Bxg2 14. Kxg2 Qd5+ 15. Kg1 Ne4 16. Rfd1 Nd4 17. Bxd4 exd4 18. Nf4 Qd6 19. Qb4 c5 20. Qxb7 Rd7 21. Qxe4 Re7 22. Qc2 Rc8 23. Qf5 Ree8 24. Rd2 g6 25. Qd5 Qb6 26. Nd3 Red8 27. Qc4 Qa5 28. Rdc2 Qxa3 29. Nxc5 Rd6 30. Qb3 Qa5 31. Nb7 Rxc2 32. Qxc2 1-0


[Site "https://www.chess.com"]

[Event "Titled Tuesday Blitz April 4 Early 2023"]
[White "Hayrapetyan, Artavazd R."]
[Black "Hirneise, Jens"]
[WhiteFideId "13304240"]
[BlackFideId "24614734"]
[WhiteElo "2417"]
[BlackElo "2345"]
[Result "1-0"]
[Round "08"]
[TimeControl "180+2"]
[Date "2023.04.04"]
[WhiteClock "0:01:25"]
[BlackClock "0:01:12"]

1. b3 d5 2. Bb2 Nd7 3. Nf3 Ngf6 4. e3 e6 5. d4 Bb4+ 6. c3 Bd6 7. c4 c6 8. Nc3 O-O 9. Bd3 Re8 10. O-O a6 11. Rc1 dxc4 12. bxc4 e5 13. Bc2 Qe7 14. Re1 b5 15. c5 Bc7 16. h3 a5 17. a3 b4 18. axb4 axb4 19. Ne4 Ra2 20. Rb1 Nd5 21. Bb3 Ra8 22. Nd6 Rd8 23. Nxe5 Bxd6 24. Nxc6 Qe8 25. cxd6 N7f6 26. Nxd8 Qxd8 27. e4 Nc3 28. Bxc3 bxc3 29. e5 Nd7 30. Qf3 Ra7 31. Qxf7+ Kh8 32. e6 1-0


[Site "https://www.chess.com"]

[Event "Titled Tuesday Blitz April 4 Early 2023"]
[White "Omelja, Artem"]
[Black "Maksimovic, Bojan"]
[WhiteFideId "14119846"]
[BlackFideId "14408120"]
[WhiteElo "2404"]
[BlackElo "2468"]
[Result "0-1"]
[Round "08"]
[TimeControl "180+2"]
[Date "2023.04.04"]
[WhiteClock "0:01:57"]
[BlackClock "0:02:28"]

1. e4 c5 2. Nf3 Nc6 3. Bb5 e6 4. O-O Nge7 5. c3 a6 6. Ba4 b5 7. Bc2 Bb7 8. d4 cxd4 9. Nxd4 Ng6 10. Re1 Be7 11. Nd2 O-O 12. N2f3 Rc8 13. g3 b4 14. Bd2 bxc3 15. Bxc3 Qb6 16. Qd2 Nce5 17. Rad1 Bc5 18. Kg2 f5 19. Nxe5 Nxe5 20. f4 fxe4 21. Bxe4 Bxe4+ 22. Rxe4 Qb7 23. Re1 Nc4 24. Qd3 Nd6 25. Nf3 Nxe4 26. Rxe4 Qd5 27. Qd4 Bxd4 0-1


[Site "https://www.chess.com"]

[Event "Titled Tuesday Blitz April 4 Early 2023"]
[White "Molina, Roberto Junio Brito"]
[Black "Pham, Le Thao Nguyen"]
[WhiteFideId "2109450"]
[BlackFideId "12401226"]
[WhiteElo "2376"]
[BlackElo "2286"]
[Result "0-1"]
[Round "08"]
[TimeControl "180+2"]
[Date "2023.04.04"]
[WhiteClock "0:00:02"]
[BlackClock "0:00:02"]

1. d4 d5 2. c4 c6 3. Nf3 Nf6 4. Nc3 dxc4 5. a4 Bf5 6. Ne5 Nbd7 7. Nxc4 Qc7 8. g3 e5 9. dxe5 Nxe5 10. Bf4 Nfd7 11. Bg2 f6 12. O-O Rd8 13. Ne3 Be6 14. Qc2 Nc5 15. b4 Nb3 16. Rab1 Nd4 17. Nb5 Qf7 18. Nxd4 Rxd4 19. b5 c5 20. Rfd1 Bd6 21. Nf5 Bxf5 22. Qxf5 O-O 23. e3 Rxd1+ 24. Rxd1 Qe7 25. Bd5+ Kh8 26. Qe4 b6 27. h4 Rd8 28. Kg2 Bc7 29. Bb3 Rxd1 30. Bxd1 g6 31. Bc2 Kg7 32. Qd5 Bd6 33. e4 Nf7 34. Be3 Be5 35. f4 Bc3 36. Bb3 Bb2 37. Kf3 Bc3 38. Bc4 h5 39. g4 hxg4+ 40. Kxg4 Nh6+ 41. Kf3 f5 42. exf5 gxf5 43. Bf2 Bf6 44. h5 Bc3 45. Qd3 Bf6 0-1


[Site "https://www.chess.com"]

[Event "Titled Tuesday Blitz April 4 Early 2023"]
[White "Urazayev, Arystanbek"]
[Black "Vakhidov, Shahzod"]
[WhiteFideId "13709810"]
[BlackFideId "14205270"]
[WhiteElo "2449"]
[BlackElo "2212"]
[Result "1-0"]
[Round "08"]
[TimeControl "180+2"]
[Date "2023.04.04"]
[WhiteClock "0:02:14"]
[BlackClock "0:01:25"]

1. e4 c5 2. Nf3 g6 3. c3 d5 4. exd5 Qxd5 5. d4 Bg7 6. Na3 Nf6 7. Bc4 Qe4+ 8. Be3 O-O 9. O-O cxd4 10. Bxd4 Nc6 11. Re1 Qf5 12. Nb5 a6 13. Nc7 Rb8 14. Nd5 Nxd4 15. Nxe7+ Kh8 16. Nxf5 Nxf5 17. Ne5 Be6 18. Bxe6 fxe6 19. Qb3 Nd5 20. Nd7 Rbd8 21. Nxf8 Rxf8 22. Rxe6 Nf4 23. Re4 Nh4 24. Rxf4 Rxf4 25. Qxb7 Rf8 26. Re1 Nf5 27. Qd7 h5 28. Re8 Rxe8 29. Qxe8+ Kh7 30. Qa8 Nh6 31. Qxa6 Nf5 32. a4 1-0


[Site "https://www.chess.com"]

[Event "Titled Tuesday Blitz April 4 Early 2023"]
[White "Remizov, Yaroslav"]
[Black "Budrewicz, Krzysztof"]
[WhiteFideId "34134015"]
[BlackFideId "1127950"]
[WhiteElo "2412"]
[BlackElo "2230"]
[Result "1-0"]
[Round "08"]
[TimeControl "180+2"]
[Date "2023.04.04"]
[WhiteClock "0:00:16"]
[BlackClock "0:00:55"]

1. e4 g6 2. d4 Bg7 3. Nc3 d6 4. Be3 a6 5. h4 h5 6. Nf3 b5 7. Ng5 Nf6 8. e5 Ng4 9. Qf3 O-O 10. Qxa8 Nxe3 11. fxe3 dxe5 12. Qxb8 exd4 13. O-O-O Qd6 14. Qa7 Bg4 15. Rxd4 Qg3 16. Rd1 Bxd1 17. Nxd1 Rd8 18. Bd3 Qxg2 19. Re1 Qg3 20. Rf1 Bf6 21. Ne4 Qxh4 22. Nxf6+ exf6 23. Qxc7 Re8 24. Qf4 Qxf4 25. exf4 Kg7 26. Nc3 Re3 27. Nxb5 axb5 28. Bxb5 g5 29. a4 g4 30. a5 g3 31. a6 Re7 32. Bc6 Ra7 33. Bb7 h4 34. Rh1 g2 35. Bxg2 Rxa6 36. Rxh4 f5 37. Rh3 Kf6 38. Rh6+ 1-0


[Site "https://www.chess.com"]

[Event "Titled Tuesday Blitz April 4 Early 2023"]
[White "Prohaszka, Peter"]
[Black "Sreyas Payyappat"]
[WhiteFideId "726265"]
[BlackFideId "46674969"]
[WhiteElo "2626"]
[BlackElo "2083"]
[Result "1-0"]
[Round "08"]
[TimeControl "180+2"]
[Date "2023.04.04"]
[WhiteClock "0:00:15"]
[BlackClock "0:00:17"]

1. d4 Nf6 2. Bf4 c5 3. d5 e6 4. Nc3 exd5 5. Nxd5 d6 6. e4 Nc6 7. Nf3 Be6 8. Bc4 Nxe4 9. O-O g5 10. Qe2 gxf4 11. Qxe4 Bg7 12. Nxf4 Qe7 13. Bxe6 fxe6 14. Nxe6 Be5 15. Qg4 h5 16. Qg6+ Kd7 17. Neg5 Raf8 18. Rad1 Rhg8 19. Qxh5 Kc7 20. Qg4 Rf6 21. h4 Kb8 22. Rfe1 Qg7 23. c3 Rf4 24. Qe6 Rxh4 25. Nxh4 Qxg5 26. Qh3 Rh8 27. Nf3 Qg7 28. Qf5 Qh6 29. Kf1 Re8 30. Nxe5 Qh1+ 31. Ke2 Rxe5+ 32. Qxe5 Qxe1+ 33. Rxe1 Nxe5 34. f4 Nc4 35. b3 Na3 36. Rf1 Nb5 37. Kd3 d5 38. f5 Nd6 39. f6 Nf7 40. g4 Kc7 41. g5 Kd7 42. g6 Ne5+ 43. Kc2 Nxg6 44. f7 Nf8 45. c4 d4 46. b4 b6 47. bxc5 bxc5 48. Rf5 Kd6 49. Rd5+ Kc6 50. Rd8 Ne6 51. f8=Q Nxf8 52. Rxf8 Kb6 53. Rd8 Ka5 54. Rd5 Kb4 55. Kd3 a5 56. Re5 a4 57. Rd5 Ka3 58. Rxc5 Kxa2 59. Kxd4 a3 60. Ra5 Kb3 61. c5 a2 62. c6 Kb2 63. Rxa2+ Kxa2 64. c7 1-0


[Site "https://www.chess.com"]

[Event "Titled Tuesday Blitz April 4 Early 2023"]
[White "koncheto"]
[Black "Perez Gormaz, Matias"]
[BlackFideId "3406342"]
[WhiteElo "2531"]
[BlackElo "2362"]
[Result "1-0"]
[Round "08"]
[TimeControl "180+2"]
[Date "2023.04.04"]
[WhiteClock "0:00:41"]
[BlackClock "0:00:04"]

1. e4 c5 2. Nf3 Nc6 3. d4 cxd4 4. Nxd4 Nf6 5. Nc3 d6 6. Bg5 Bd7 7. Bc4 Rc8 8. Bb3 Qa5 9. Bxf6 gxf6 10. O-O Rg8 11. Nd5 Nxd4 12. Qxd4 Qc5 13. Qd3 Bg7 14. Rad1 e6 15. Ne3 Bf8 16. Rfe1 b5 17. f4 Bh6 18. f5 Bf4 19. Kh1 Be5 20. fxe6 fxe6 21. Nf5 exf5 22. Bxg8 Qxc2 23. Qh3 Kd8 24. Qxh7 Rc5 25. b4 Rc3 26. exf5 Bxf5 27. Qxa7 Rh3 28. Qb8+ Ke7 29. Qc7+ Kf8 30. Qxc2 Bxc2 31. gxh3 Bxd1 32. Rxd1 Kxg8 33. Kg2 Kf7 34. Rd5 Ke6 35. Rxb5 d5 36. Kf3 d4 37. Ke4 f5+ 38. Kd3 Bxh2 39. Kxd4 1-0


[Site "https://www.chess.com"]

[Event "Titled Tuesday Blitz April 4 Early 2023"]
[White "Oleksiyenko, Mykhaylo"]
[Black "Bayo Milagro, Alvaro"]
[WhiteFideId "4152417"]
[BlackFideId "22275240"]
[WhiteElo "2551"]
[BlackElo "2270"]
[Result "1-0"]
[Round "08"]
[TimeControl "180+2"]
[Date "2023.04.04"]
[WhiteClock "0:00:20"]
[BlackClock "0:00:01"]

1. e4 e5 2. Nf3 Nc6 3. Nc3 Nf6 4. d4 exd4 5. Nxd4 Bb4 6. Nxc6 bxc6 7. Bd3 d5 8. Bd2 O-O 9. O-O Bxc3 10. Bxc3 Nxe4 11. Bxe4 dxe4 12. Qh5 Qd5 13. Qh4 Qe6 14. Qg3 Qg6 15. Qxc7 Bh3 16. Qg3 Qxg3 17. fxg3 Be6 18. Kf2 Rad8 19. Ke3 f5 20. Rad1 Kf7 21. b3 g6 22. g4 Rd5 23. Rxd5 cxd5 24. Bd4 Rc8 25. c3 Ke7 26. g5 a6 27. Kf4 Kd6 28. Be5+ Kd7 29. Rd1 a5 30. Bd4 Kd6 31. Re1 Bd7 32. Re3 Re8 33. Rh3 Re7 34. Bf6 Rf7 35. Rh6 Bb5 36. Ke3 Bf1 37. Kf2 Bd3 38. h4 f4 39. h5 Ke6 40. hxg6 hxg6 41. g3 fxg3+ 42. Kxg3 Kf5 43. Kf2 Rb7 44. Ke3 Bb1 45. Rh2 Ke6 46. Rf2 Rh7 47. Bd4 Rh3+ 48. Kd2 Rd3+ 49. Kc1 Bxa2 50. Rxa2 Kf5 51. Rxa5 1-0


[Site "https://www.chess.com"]

[Event "Titled Tuesday Blitz April 4 Early 2023"]
[White "Ibadov, Dashgyn"]
[Black "Domingo Nunez, Ruben"]
[WhiteFideId "24107514"]
[BlackFideId "22245570"]
[WhiteElo "2208"]
[BlackElo "2404"]
[Result "1-0"]
[Round "08"]
[TimeControl "180+2"]
[Date "2023.04.04"]
[WhiteClock "0:00:26"]
[BlackClock "0:00:06"]

1. e4 Nf6 2. e5 Nd5 3. d4 d6 4. c4 Nb6 5. f4 g5 6. Nc3 gxf4 7. Bxf4 Nc6 8. Qh5 dxe5 9. dxe5 Qd4 10. Nge2 Qxc4 11. Rd1 Nb4 12. Nd4 Qc5 13. Bb5+ c6 14. O-O cxb5 15. Be3 Qc4 16. Ncxb5 Rg8 17. Rc1 Qd3 18. Qxf7+ Kd8 19. Qxg8 Qxe3+ 20. Kh1 Nd7 21. Ne6+ Ke8 22. Nbc7# 1-0


[Site "https://www.chess.com"]

[Event "Titled Tuesday Blitz April 4 Early 2023"]
[White "Forgacs, Attila Jr."]
[Black "Shuvalova, Polina"]
[WhiteFideId "773654"]
[BlackFideId "24171760"]
[WhiteElo "2168"]
[BlackElo "2281"]
[Result "0-1"]
[Round "08"]
[TimeControl "180+2"]
[Date "2023.04.04"]
[WhiteClock "0:00:14"]
[BlackClock "0:00:48"]

1. e4 c6 2. d4 d5 3. Nd2 dxe4 4. Nxe4 Nf6 5. Nxf6+ exf6 6. c3 Bd6 7. Bd3 O-O 8. Qc2 Re8+ 9. Ne2 h5 10. Be3 Nd7 11. O-O-O Nf8 12. Ng3 g6 13. Rde1 b5 14. Ne4 Be7 15. f3 a5 16. Nf2 Be6 17. Kb1 Qd5 18. b3 f5 19. g4 a4 20. b4 Qxf3 21. gxf5 Bxf5 22. Bxf5 Qxf5 23. Qxf5 gxf5 24. Nd3 Ng6 25. Rhf1 Bh4 26. Re2 Re4 27. Kc2 Rae8 28. Kd2 Bg5 29. Rfe1 f4 30. Bxf4 Rxe2+ 31. Rxe2 Rxe2+ 32. Kxe2 Nxf4+ 33. Nxf4 Bxf4 34. Kf3 Bxh2 35. Ke4 h4 36. d5 cxd5+ 37. Kxd5 h3 38. Ke4 Be5 39. Kf3 Bxc3 40. a3 Bb2 41. Kg3 Bxa3 42. Kxh3 Bxb4 0-1


[Site "https://www.chess.com"]

[Event "Titled Tuesday Blitz April 4 Early 2023"]
[White "Salman, Pavel"]
[Black "Piesik, Piotr"]
[WhiteFideId "24153753"]
[BlackFideId "1136194"]
[WhiteElo "2187"]
[BlackElo "2299"]
[Result "0-1"]
[Round "08"]
[TimeControl "180+2"]
[Date "2023.04.04"]
[WhiteClock "0:00:15"]
[BlackClock "0:00:59"]

1. Nf3 g6 2. d4 Bg7 3. e4 c6 4. Nc3 d6 5. h4 Bg4 6. Be2 Nf6 7. Bg5 h6 8. Bxf6 Bxf6 9. Qd2 Nd7 10. O-O-O Qc7 11. e5 dxe5 12. dxe5 Nxe5 13. Nxe5 Bxe5 14. Kb1 Be6 15. g3 Rd8 16. Qe3 Bg7 17. Rxd8+ Qxd8 18. Rd1 Qb6 19. Qxb6 axb6 20. Na4 b5 21. Nc5 Bc8 22. h5 g5 23. f4 gxf4 24. gxf4 Bf6 25. b3 Rg8 26. a4 bxa4 27. bxa4 Rg2 28. Bc4 Rf2 29. Rg1 Kf8 30. Rd1 Bf5 31. Bb3 b6 32. Nb7 Rxf4 33. Nd8 Rb4 34. Ka2 c5 35. Bxf7 Rxa4+ 36. Kb3 Rb4+ 37. Ka2 Bxc2 38. Rg1 Ra4# 0-1


[Site "https://www.chess.com"]

[Event "Titled Tuesday Blitz April 4 Early 2023"]
[White "Gold_Ocean"]
[Black "Ljukin, Sergei"]
[BlackFideId "14102200"]
[WhiteElo "2642"]
[BlackElo "2312"]
[Result "0-1"]
[Round "08"]
[TimeControl "180+2"]
[Date "2023.04.04"]
[WhiteClock "0:00:25"]
[BlackClock "0:00:04"]

1. c4 c6 2. Nf3 d5 3. g3 Nf6 4. Bg2 Bf5 5. O-O e6 6. d3 Bc5 7. d4 Bd6 8. Nc3 O-O 9. b3 Nbd7 10. Bb2 Qe7 11. Nh4 Bg4 12. h3 Bh5 13. Qd2 Rad8 14. Rfe1 Bg6 15. Nxg6 hxg6 16. Rad1 dxc4 17. bxc4 e5 18. d5 c5 19. e4 a6 20. f4 Rb8 21. a4 Nh5 22. Ne2 b5 23. axb5 axb5 24. cxb5 Rxb5 25. Bc3 c4 26. Kh1 Nc5 27. Qe3 Nd3 28. Rf1 Rb3 29. f5 gxf5 30. exf5 Bc5 31. Qf3 Nf6 32. g4 e4 33. Qg3 Bd6 34. Qh4 Nxd5 35. Qh5 Nxc3 36. f6 Qe5 37. Qxe5 Bxe5 38. fxg7 Kxg7 39. Nxc3 Bxc3 40. Bxe4 Nc5 41. Bd5 Be5 42. Kg2 Rg3+ 43. Kf2 Nd3+ 44. Ke2 Nf4+ 45. Ke1 Nxd5 46. Rxd5 f6 47. Kf2 Rxh3 48. Rb1 c3 49. Rb7+ Rf7 50. Rb1 Rc7 51. g5 c2 52. gxf6+ Bxf6 53. Rg1+ Kf7 54. Kg2 Re3 55. Rc1 Re5 56. Rf1 Rxd5 57. Rf3 Ke6 58. Kg3 Re5 59. Re3 Rxe3+ 60. Kf4 Re1 0-1


[Site "https://www.chess.com"]

[Event "Titled Tuesday Blitz April 4 Early 2023"]
[White "Goffredo_Fofi"]
[Black "Hamitevici, Vladimir"]
[BlackFideId "13902393"]
[WhiteElo "2510"]
[BlackElo "2401"]
[Result "1/2-1/2"]
[Round "08"]
[TimeControl "180+2"]
[Date "2023.04.04"]
[WhiteClock "0:00:15"]
[BlackClock "0:00:09"]

1. d4 d5 2. Nf3 Bf5 3. c4 e6 4. Nc3 c6 5. Bf4 Nd7 6. e3 Ngf6 7. Qb3 Qb6 8. c5 Qxb3 9. axb3 a6 10. b4 Rc8 11. h3 h6 12. Nd2 g5 13. Bh2 Be7 14. Nb3 Bd8 15. Na5 Bxa5 16. bxa5 O-O 17. f3 Rfe8 18. g4 Bh7 19. Bd6 e5 20. Kd2 Re6 21. h4 Ne8 22. hxg5 Nxd6 23. cxd6 hxg5 24. Rh5 f6 25. Bd3 Bxd3 26. Kxd3 exd4 27. exd4 Rxd6 28. Re1 Nf8 29. Na4 Re6 30. Reh1 Rce8 31. Nc5 Re3+ 32. Kc2 Rxf3 33. Nxb7 Re2+ 34. Kc1 Rff2 35. Rh8+ Kg7 36. Nd6 Rc2+ 37. Kd1 Rxb2 38. Ne8+ Kf7 39. Nd6+ Ke6 40. Kc1 Rfc2+ 41. Kd1 Kxd6 42. Rxf8 Rf2 43. Kc1 Ra2 44. Kb1 Ke7 45. Rhh8 Rfb2+ 46. Kc1 Rb7 47. Re8+ Kd6 48. Rhf8 Rf2 49. Rd8+ Rd7 50. Ra8 Re7 51. Kd1 Rf4 52. Rfd8+ Ke6 53. Rxa6 Rxd4+ 54. Kc2 Rc4+ 55. Kd3 Rb7 56. Re8+ Kd6 57. Rf8 Ke5 58. Re8+ Kf4 59. Re6 Rb3+ 60. Kd2 Kxg4 61. Raxc6 Rxc6 62. Rxc6 f5 63. a6 Ra3 64. Rd6 f4 65. Ke2 Ra2+ 66. Kf1 Kf3 67. Ke1 g4 68. Rxd5 g3 69. Rd3+ Kg2 70. Rd2+ Rxd2 71. Kxd2 f3 72. a7 f2 73. a8=Q+ Kg1 74. Qa7 g2 75. Ke2 Kh1 76. Qxf2 g1=Q 77. Qxg1+ Kxg1 1/2-1/2


[Site "https://www.chess.com"]

[Event "Titled Tuesday Blitz April 4 Early 2023"]
[White "Manukyan, Sargis A."]
[Black "Terletsky, Oleg"]
[WhiteFideId "13303970"]
[BlackFideId "14116774"]
[WhiteElo "2187"]
[BlackElo "2084"]
[Result "1/2-1/2"]
[Round "08"]
[TimeControl "180+2"]
[Date "2023.04.04"]
[WhiteClock "0:00:07"]
[BlackClock "0:00:12"]

1. d4 Nf6 2. c4 g6 3. Nc3 Bg7 4. Nf3 O-O 5. h3 d6 6. Bf4 c5 7. d5 e5 8. dxe6 Bxe6 9. Bxd6 Re8 10. Bxc5 Qc8 11. Bd4 Nc6 12. e3 Nxd4 13. Nxd4 Bxc4 14. Bxc4 Qxc4 15. Qe2 Qb4 16. O-O a6 17. a3 Qb6 18. Rfd1 Rad8 19. Rac1 Ne4 20. Nxe4 Rxe4 21. Nf3 Rxd1+ 22. Rxd1 h6 23. b4 a5 24. bxa5 Qxa5 25. Qd3 Ra4 26. Qd7 Rxa3 27. Qxb7 Ra1 28. Rxa1 Qxa1+ 29. Kh2 Qa2 30. Qb8+ Kh7 31. Qf4 Kg8 32. Nd4 Qd5 33. Nf3 Qa2 34. Qh4 Qe6 35. Qa4 Qd6+ 36. g3 Qf6 37. Kg2 Qe6 38. Qc2 Kh7 39. g4 Qd5 40. e4 Qe6 41. Qe2 Bf6 42. Ne1 Bg5 43. Nd3 Qc6 44. f4 Bh4 45. Ne5 Qc1 46. Nf3 Be7 47. f5 Qc7 48. e5 Qc6 49. Qd3 Kg8 50. e6 gxf5 51. exf7+ Kxf7 52. Qxf5+ Kg7 53. Qe5+ Bf6 54. Qe2 Qd5 55. Qc2 Qb7 56. Qe2 Qb2 57. Qxb2 Bxb2 58. Kg3 Bf6 59. Kf4 Kg6 60. Kg3 h5 61. Nd2 hxg4 62. Kxg4 Be7 63. Nf3 Bd8 64. Ne5+ Kh7 65. Nf7 Be7 66. Ne5 Bd8 67. Nc6 Bc7 68. Nd4 Bd6 69. Nf5 Ba3 70. h4 Bc1 71. h5 Kh8 72. Nh4 Bd2 73. Ng6+ Kg7 74. Ne5 Kh7 75. Nf3 Bc1 76. Nd4 Bd2 77. Nf5 Bc1 78. Nd6 Bd2 79. Nb5 Bc1 80. Nd4 Bd2 81. Nb3 Bc3 82. Nc5 Bb2 83. Ne4 Bc1 84. Kf5 Kh6 85. Kg4 Bb2 86. Ng3 Bc1 87. Nf5+ Kh7 88. Kf3 Bd2 89. Ke2 Bc1 90. Kf1 Bg5 91. Kg2 Bc1 92. Kh3 Bd2 93. Kh4 Bc1 94. Nd6 Bd2 95. Nf7 Bc1 96. Nd8 Bd2 97. Nc6 Bc1 98. Nd4 Bd2 99. Nf3 Bc1 100. Ne5 Kh6 101. Ng4+ Kh7 102. Nf6+ Kg7 103. Ne4 Kh6 104. Kg4 Bb2 105. Nd6 Bc1 106. Nf7+ Kg7 107. Ne5 Kh7 108. Nd3 Bd2 109. Nc5 Bc1 110. Nb7 Be3 111. Nd8 Bc1 112. Nf7 Kg7 113. Ne5 Kh7 114. Nf3 Be3 115. Kf5 Bc1 116. Nh4 Kh6 117. Kg4 Kh7 118. Ng2 Bd2 119. Kg3 Kh6 120. Kh4 Kh7 121. Kg4 1/2-1/2


[Site "https://www.chess.com"]

[Event "Titled Tuesday Blitz April 4 Early 2023"]
[White "Miszler, Levente"]
[Black "Vaibhav Jayant Raut"]
[WhiteFideId "763276"]
[BlackFideId "5089034"]
[WhiteElo "2176"]
[BlackElo "2156"]
[Result "0-1"]
[Round "08"]
[TimeControl "180+2"]
[Date "2023.04.04"]
[WhiteClock "0:00:19"]
[BlackClock "0:00:29"]

1. Nf3 Nf6 2. c4 g6 3. g3 Bg7 4. Bg2 O-O 5. O-O d6 6. Nc3 Nbd7 7. d3 e5 8. Rb1 Re8 9. e4 a5 10. a3 Nc5 11. b4 axb4 12. axb4 Ne6 13. Bb2 c6 14. Ra1 Bd7 15. Rxa8 Qxa8 16. Qa1 Bf8 17. Rb1 Rc8 18. Na4 Qa7 19. d4 Nxe4 20. dxe5 Qxf2+ 21. Kh1 Qe3 22. h3 Nxg3+ 23. Kh2 Ne4 24. Re1 Qf4+ 25. Kg1 N6g5 26. Nxg5 Qf2+ 27. Kh2 Nxg5 28. Rf1 Qe2 29. Nc3 Qxe5+ 30. Kh1 Bxh3 31. Bxh3 Nxh3 32. Qd1 Ng5 33. Qg4 Re8 34. Rg1 Ne4 35. Qf3 Bg7 36. Nd1 Qe6 37. Bxg7 Kxg7 38. Ne3 Kh8 39. Ng4 f5 40. Nh6 Qf6 41. Ng4 fxg4 0-1


[Site "https://www.chess.com"]

[Event "Titled Tuesday Blitz April 4 Early 2023"]
[White "Jaskolka, Tomasz"]
[Black "Skliarov, Viktor"]
[WhiteFideId "1170791"]
[BlackFideId "14106736"]
[WhiteElo "2155"]
[BlackElo "2317"]
[Result "0-1"]
[Round "08"]
[TimeControl "180+2"]
[Date "2023.04.04"]
[WhiteClock "0:00:20"]
[BlackClock "0:00:09"]

1. e4 c5 2. Nf3 Nc6 3. b4 cxb4 4. d4 d5 5. exd5 Qxd5 6. c4 bxc3 7. Nxc3 Qa5 8. Rb1 e6 9. Bd2 Nf6 10. Bd3 Be7 11. O-O O-O 12. Rb5 Qd8 13. Qb1 a6 14. Rg5 Nxd4 15. Nxd4 Qxd4 16. Rd1 Rd8 17. Rg3 Kh8 18. Ne2 Qa4 19. Bc3 Bd7 20. Bxh7 Bb5 21. Bc2 Rxd1+ 22. Bxd1 Qe4 23. Qb2 Rd8 24. Nd4 Rxd4 25. Bf3 Qd3 26. Rh3+ Kg8 27. Be2 Qd1+ 28. Bxd1 Rxd1+ 29. Be1 Rxe1# 0-1


[Site "https://www.chess.com"]

[Event "Titled Tuesday Blitz April 4 Early 2023"]
[White "Kleiman, Jake"]
[Black "Andreev, Konstantin"]
[WhiteFideId "2020041"]
[BlackFideId "24239305"]
[WhiteElo "2609"]
[BlackElo "2106"]
[Result "1-0"]
[Round "08"]
[TimeControl "180+2"]
[Date "2023.04.04"]
[WhiteClock "0:02:44"]
[BlackClock "0:01:31"]

1. e4 c5 2. Nf3 e6 3. c3 d5 4. exd5 Qxd5 5. d4 Nf6 6. Na3 a6 7. Be3 cxd4 8. Nxd4 Bxa3 9. Qa4+ Bd7 10. Qxa3 Nc6 11. Nb5 Ne7 12. Nc7+ 1-0


[Site "https://www.chess.com"]

[Event "Titled Tuesday Blitz April 4 Early 2023"]
[White "Vafin, Ayrat"]
[Black "Al-Tarboush, Ward"]
[WhiteFideId "4146530"]
[BlackFideId "7601450"]
[WhiteElo "2317"]
[BlackElo "2265"]
[Result "0-1"]
[Round "08"]
[TimeControl "180+2"]
[Date "2023.04.04"]
[WhiteClock "0:00:04"]
[BlackClock "0:00:20"]

1. Nf3 Nf6 2. g3 g6 3. Bg2 Bg7 4. O-O O-O 5. c4 c6 6. d4 d5 7. cxd5 cxd5 8. Ne5 Bf5 9. Nc3 Nc6 10. Nxc6 bxc6 11. b3 Qa5 12. Na4 Ne4 13. Ba3 Rfe8 14. Rc1 Rac8 15. e3 h5 16. Qe1 Qa6 17. f3 Nd6 18. Rf2 Qb7 19. Bf1 Nb5 20. Bb2 a6 21. Nc5 Qb6 22. Na4 Qc7 23. Qb4 e5 24. dxe5 Bxe5 25. Bxe5 Qxe5 26. Re1 d4 27. e4 c5 28. Qa5 d3 29. Bxd3 Qd4 30. Bxb5 axb5 31. Qxb5 Bd7 32. Qe2 c4 33. Qd2 Qa7 34. Nc3 Red8 35. Qb2 Be6 36. Kg2 Rd3 37. bxc4 Rxc4 38. Nd5 Bxd5 39. exd5 Rcc3 40. Rd1 Qd7 41. Rxd3 Rxd3 42. Qb8+ Kh7 43. Qf4 Rxd5 44. h4 Rd1 45. Re2 Qa7 46. Qe3 Qa6 47. Qf2 Ra1 48. Rd2 Qc6 49. Qe2 Qc1 50. f4 Qh1+ 51. Kf2 Qg1+ 52. Kf3 Rf1+ 53. Ke4 Re1 54. Kd3 Rxe2 55. Rxe2 Qxg3+ 56. Ke4 Qxh4 57. Kf3 Qg4+ 0-1


[Site "https://www.chess.com"]

[Event "Titled Tuesday Blitz April 4 Early 2023"]
[White "M_Bozorov"]
[Black "Ambartsumova, Karina"]
[BlackFideId "4166299"]
[WhiteElo "2463"]
[BlackElo "2240"]
[Result "0-1"]
[Round "08"]
[TimeControl "180+2"]
[Date "2023.04.04"]
[WhiteClock "0:00:14"]
[BlackClock "0:00:15"]

1. e4 c5 2. Nf3 Nc6 3. Bb5 e6 4. O-O Nge7 5. Re1 a6 6. Bxc6 Nxc6 7. d4 cxd4 8. Nxd4 Qc7 9. Nc3 Bd6 10. h3 Nxd4 11. Qxd4 Bh2+ 12. Kh1 Be5 13. Qd3 O-O 14. Be3 b5 15. a3 Bb7 16. Rad1 Rfd8 17. Bd4 d6 18. Bxe5 dxe5 19. Qe3 h6 20. f3 Qc6 21. Rd2 a5 22. Red1 Rxd2 23. Rxd2 b4 24. axb4 axb4 25. Ne2 Ra1+ 26. Kh2 Ba6 27. Ng3 Kh7 28. Nh5 Qc4 29. Rd7 Kg6 30. Qf2 Kxh5 31. Qg3 g5 32. Rxf7 Kg6 33. Rf8 Qc5 34. Qg4 Qxf8 35. Qxe6+ Qf6 36. Qe8+ Kg7 37. Qd7+ Qf7 0-1


[Site "https://www.chess.com"]